 Dungeon Crawl Stone Soup version 0.28-b1-70-g80dc712255 (webtiles) character file.

Game seed: 16552332597182060426

65 tizbic2 the Ducker (level 4, -5/34 HPs)
             Began as a Djinni Venom Mage on Feb 4, 2022.
             Was a High Priest of Ignis.
             Slain by an ogre (17 damage)
             ... on level 3 of the Dungeon.
             The game lasted 00:09:48 (2363 turns).

tizbic2 the Ducker (Djinni Venom Mage)              Turns: 2363, Time: 00:09:49

Health: -5/34      AC:  2    Str:  7    XL:     4   Next: 34%
Gold:   111        EV: 13    Int: 17    God:    Ignis [*****.] SH:  0 Dex: 15

rFire   + + +      SeeInvis .   c - +2 hand axe (freeze)
rCold   x x .      Faith    .   (no shield)
rNeg    . . .      Spirit   .   a - +0 robe
rPois   ∞          Reflect  .   (no helmet)
rElec   .          Harm     .   (no cloak)
rCorr   .          Rampage  .   (no gloves)
Will    .....                   (boots unavailable)
Stlth   ++........              (no amulet)
HPRegen 0.11/turn               f - ring of fire
MPRegen 0.00/turn               (no ring)

@: flying, very slightly contaminated
A: sickness immunity, fire resistance 2, cold vulnerability 1, float, innate
caster, HP casting, extra vitality 1
a: Renounce Religion, Fiery Armour, Foxfire Swarm, Rising Flame


You were on level 3 of the Dungeon.
You worshipped Ignis.
Ignis was extremely pleased with you.
You visited 1 branch of the dungeon, and saw 3 of its levels.

You collected 111 gold pieces.

Inventory:

Hand Weapons
 c - a +2 hand axe of freezing (weapon)
Armour
 a - a +0 robe (worn)
 k - a +0 ring mail
Jewellery
 f - a ring of fire (left hand)
Scrolls
 d - a scroll of noise {unknown}
 h - a scroll of enchant armour {unknown}
 i - a scroll of magic mapping {unknown}
 j - a scroll of acquirement {unknown}
Potions
 b - a potion of cancellation {unknown}
 e - a potion of degeneration {unknown}
 g - a potion of flight {unknown}


   Skills:
 + Level 2.4 Fighting
 + Level 0.0 Axes
 * Level 0.0 Staves
 - Level 3.0 Dodging
 - Level 1.5 Stealth
 + Level 2.8 Spellcasting


You couldn't memorise any spells.
You knew the following spells:

 Your Spells              Type           Power      Damage    Failure   Level
a - Sting                 Tmut/Pois      48%        1d5       5%          1
b - Poisonous Vapours     Pois/Air       24%        N/A       9%          2
c - Mephitic Cloud        Conj/Pois/Air  12%        N/A       17%         3
d - Olgreb's Toxic Radia  Pois           12%        N/A       50%         4
e - Shock                 Conj/Air       48%        1d6       5%          1
Your spell library was empty.

Dungeon Overview and Level Annotations

Branches:
Dungeon (3/15)

Altars:
Ignis


Innate Abilities, Weirdness & Mutations

You are immune to sickness and miasma.
You are immune to poison.
Your flesh is very heat resistant. (rF++)
You are vulnerable to cold. (rC-)
You float through the air rather than walking.
You learn spells naturally, not from books.
Your magical power is your life essence.
You have superior vitality. (+4 MHP)


Message History

Aim: an ogre, wielding a +0 giant club Poisonous vapours surround the ogre!
The ogre is poisoned.
The ogre hits you with a +0 giant club!
The ogre looks more healthy.
There is an open door here.
Casting: Poisonous Vapours (safe; 9% risk of failure)
Confirm with . or Enter, or press ? or * to list all spells.
Aiming: Poisonous Vapours (safe; 9% risk of failure)
Press: ? - help, Dir - move target, f/p - ogre
Aim: an ogre, wielding a +0 giant club (lightly wounded) Poisonous vapours surround the ogre!
The ogre is poisoned.
Casting: Poisonous Vapours (safe; 9% risk of failure)
Confirm with . or Enter, or press ? or * to list all spells.
Aiming: Poisonous Vapours (safe; 9% risk of failure)
Press: ? - help, Dir - move target, f/p - ogre
Aim: an ogre, wielding a +0 giant club (moderately wounded, poisoned) Poisonous vapours surround the ogre!
The ogre looks even sicker.
The ogre barely misses you. The ogre barely misses you.
Things that are here:
a +0 club; a +0 robe
Casting: Poisonous Vapours (safe; 9% risk of failure)
Confirm with . or Enter, or press ? or * to list all spells.
Aiming: Poisonous Vapours (safe; 9% risk of failure)
Press: ? - help, Dir - move target, f/p - ogre
Aim: an ogre, wielding a +0 giant club (heavily wounded, poisoned) Poisonous vapours surround the ogre!
The ogre looks even sicker.
The ogre barely misses you.
You see here a +0 club.
There is an open door here.
Casting: Poisonous Vapours (safe; 9% risk of failure)
Confirm with . or Enter, or press ? or * to list all spells.
Aiming: Poisonous Vapours (safe; 9% risk of failure)
Press: ? - help, Dir - move target, f/p - ogre
Aim: an ogre, wielding a +0 giant club (heavily wounded, poisoned)
You miscast Poisonous Vapours.
You are very lightly contaminated with residual magic.
Nothing appears to happen.
The ogre hits you with a +0 giant club!
Ouch! That really hurt!
You die...

#.........# ######....#
#....# ##### #..).# #...#
#....# #...# #...)# #...#
#....# #...#
#....###...####
#......'O@.'..#
########...##†#
######.############
##############.#...........
#..........................
#.############.#.#########.
#.# .........>..# #. #.#
#####.#.###.# #. #.#
#.#..##.# #.


You could see an ogre (poisoned).

Vanquished Creatures
  Jessica (D:3)
  An adder (D:2)
  2 worms (D:2)
  4 endoplasms
  A goblin (D:1)
  2 hobgoblins (D:1)
  3 kobolds
  A quokka (D:3)
  3 ball pythons
  4 bats
  3 frilled lizards
  2 rats
27 creatures vanquished.

Notes
Turn   | Place    | Note
-------+----------+-------------------------------------------
     0 | D:1      | tizbic2 the Djinni Venom Mage began the quest for the Orb.
     0 | D:1      | Reached XP level 1. HP: 15/15 MP: 0/0
   230 | D:1      | Found a faded altar of an unknown god.
   243 | D:1      | Reached skill level 1 in Fighting
   243 | D:1      | Reached XP level 2. HP: 8/22 MP: 0/0
   516 | D:1      | Prayed at the altar of an unknown god.
   516 | D:1      | Became a worshipper of Ignis, the Dying Flame
  1101 | D:2      | Reached XP level 3. HP: 22/27 MP: 0/0
  1101 | D:2      | Learned a level 1 spell: Shock
  2199 | D:3      | Noticed Jessica
  2208 | D:3      | Killed Jessica
  2209 | D:3      | Reached skill level 3 in Dodging
  2209 | D:3      | Reached XP level 4. HP: 23/34 MP: 0/0
  2326 | D:3      | Noticed an ogre
  2363 | D:3      | Slain by an ogre

Illustrated notes

Levels and vault maps discovered:
D:1:      nzn_arrival_depleted_hourglass, layout_basic,
          hellmonk_ecumenical_altar_arch_garden
D:2:      layout_loops_cross
D:3:      layout_basic, uniq_jessica, uniq_natasha

Skill      XL: |  1  2  3 |
---------------+----------+-----
Fighting       | 1 2 |  2.4
Dodging        | 3 |  3.0
Stealth        | |  1.5
Spellcasting   | |  2.8

Action                   |  1- 3 |  4- 6 || total
-------------------------+-------+-------++-------
Melee: Dagger            |     5 |       ||     5
       Hand axe          |    24 |       ||    24
 Cast: Sting             |    14 |       ||    14
       Shock             |    15 |       ||    15
       Poisonous Vapours |     7 |     4 ||    11
 Stab: Sleeping          |     2 |       ||     2
Armor: Robe              |    10 |       ||    10
Dodge: Dodged            |    21 |     3 ||    24
